 Dungeon Crawl Stone Soup version 0.25-a0-424-g80bd347ae0 (webtiles) character file.

Game seed: 2577545760240807845, levelgen mode: deterministic

534 kae the Chiller (level 7, 0/46 HPs)
             Began as a Merfolk Ice Elementalist on Jan 22, 2020.
             Was an Initiate of Vehumet.
             Succumbed to an adder's poison
             ... on level 5 of the Dungeon.
             The game lasted 00:04:33 (5204 turns).

kae the Chiller (Merfolk Ice Elementalist)          Turns: 5204, Time: 00:04:34

Health: 0/46       AC:  4    Str: 11    XL:     7   Next: 25%
Magic:  8/12       EV: 13    Int: 14    God:    Vehumet [......]
Gold:   16         SH:  0    Dex: 17    Spells: 12/13 levels left

rFire    . . .     SeeInvis .   w - +7 halberd of the Desert {elec, rN+ Dex+3}
rCold    . . .     Gourm    .   (shield currently unavailable)
rNeg     + . .     Faith    .   a - +1 robe
rPois    +         Spirit   .   (no helmet)
rElec    .         Reflect  .   (no cloak)
rCorr    .         Harm     .   b - +0 pair of gloves (curse)
MR       .....                  (no boots)
Stlth    ++........             (no amulet)
HPRegen  0.15/turn              n - ring of wizardry
MPRegen  0.13/turn              o - ring of poison resistance

@: lethally poisoned (0 -> -4)
A: change form in water, swift swim, stealthy swim
a: Renounce Religion


You were on level 5 of the Dungeon.
You worshipped Vehumet.
Vehumet was noncommittal.
You were not hungry.

You visited 2 branches of the dungeon, and saw 6 of its levels.

You collected 250 gold pieces.
You spent 234 gold pieces at shops.

Inventory:

Hand Weapons
 i - a +0 hand axe
 j - a +1 spear
 w - the +7 halberd of the Desert (weapon) {elec, rN+ Dex+3}
   (You bought it in a shop on level 5 of the Dungeon)

   Occasionally, upon striking a foe, it will discharge some electrical energy
   and cause terrible harm.
   It affects your dexterity (+3).
   It protects you from negative energy.
Armour
 a - a +1 robe (worn)
 b - a cursed +0 pair of gloves (worn)
Jewellery
 m - an uncursed ring of wizardry
 n - a ring of wizardry (left hand)
 o - a ring of poison resistance (right hand)
 t - an uncursed amulet of the acrobat {unknown}
Wands
 k - a wand of scattershot (7)
 v - a wand of disintegration (21)
Scrolls
 g - a scroll of enchant armour
 h - a scroll of remove curse
 q - a scroll of teleportation
 u - a scroll of identify
Potions
 d - 2 potions of degeneration
 e - 2 potions of haste
 f - 2 potions of lignification
 l - a potion of heal wounds {unknown}
 p - a potion of mutation {unknown}
 r - a potion of brilliance {unknown}
 s - a potion of curing {unknown}
Comestibles
 c - 7 rations


   Skills:
 + Level 4.9 Polearms
 - Level 2.6 Dodging
 - Level 2.1 Stealth
 + Level 3.9 Spellcasting
 * Level 7.3 Ice Magic


You had 12 spell levels left.
You knew the following spells:

 Your Spells              Type           Power        Failure   Level  Hunger
a - Freeze                Ice            ###.         1%          1    None

Your spell library contained the following spells:

 Spells                   Type           Power        Failure   Level  Hunger
 Ozocubu's Armour         Chrm/Ice       ##......     5%          3    ###....
 Hailstorm                Conj/Ice       ##......     17%         4    ####...
 Summon Ice Beast         Ice/Summ       ##......     17%         4    ####...


Dungeon Overview and Level Annotations

Branches:
Dungeon (5/15)             Temple (1/1) D:5

Altars:
Ashenzari
Cheibriados
Dithmenos
Elyvilon
Fedhas
Gozag
Kikubaaqudgha
Makhleb
Nemelex Xobeh
Okawaru
Qazlal
Ru
Uskayaw
Vehumet
Wu Jian
Xom
Yredelemnul
Zin
The Shining One

Shops:
D:5 (

Annotations:
D:4 Sigmund


Message History

Press: ? - help, Shift-Dir - straight line, f/p - centaur
Aim: a centaur, quivering 21 arrows (moderately wounded)
You freeze the centaur.
The centaur is heavily wounded.
The adder closely misses you. The centaur hits you!
* * * LOW HITPOINT WARNING * * *
The orc hits you with a +0 flail.
* * * LOW HITPOINT WARNING * * *
The adder bites you.
* * * LOW HITPOINT WARNING * * *
You are lethally poisoned!
The adder poisons you!
Casting: Freeze (safe; 1% risk of failure)
Confirm with . or Enter, or press ? or * to list all spells.
Aiming: Freeze (safe; 1% risk of failure)
Press: ? - help, Shift-Dir - straight line, f/p - centaur
Aim: a centaur, quivering 21 arrows (heavily wounded)
You freeze the centaur.
The centaur is heavily wounded.
You die...

#####...#'#..# .#
....#...+∩'..# ..#
....#...#+#..# ...#
....#........## #...#
....#.........#####((..#
....#..........).......#
....#..........#.....##
....'..........#.....#
....##..########@....#
.....#..###....Soc...#
....<#....#..........#
.....'....#..........#
.....#....#..........+
.....######..........#
................######
................
...[.........


You could see a centaur, an adder and an orc.

Vanquished Creatures
  An ice beast (D:5)
  A centaur (D:5)
  A hound (D:5)
  A jelly (D:5)
  A bullfrog skeleton (D:4)
  An orc priest (D:5)
  A centaur skeleton (D:4)
  An iguana (D:4)
  2 worker ants (D:5)
  5 adders
  5 worms
  A dart slug (D:2)
  6 leopard geckos
  5 orcs
  A ball python (D:5)
  4 bats
  2 giant cockroaches
  2 gnoll zombies (D:4)
  6 hobgoblins
  10 jackals (D:5)
  7 kobolds
  A quokka (D:3)
  5 frilled lizards
  2 goblins (D:2)
  3 rats
75 creatures vanquished.

Notes
Turn   | Place    | Note
-------+----------+-------------------------------------------
     0 | D:1      | kae the Merfolk Ice Elementalist began the quest for the
                  | Orb.
     0 | D:1      | Reached XP level 1. HP: 13/13 MP: 3/3
   561 | D:1      | Reached XP level 2. HP: 19/19 MP: 3/5
  1218 | D:2      | Reached skill level 5 in Ice Magic
  1231 | D:2      | Reached skill level 1 in Polearms
  1231 | D:2      | Reached XP level 3. HP: 20/24 MP: 2/6
  1721 | D:2      | Reached XP level 4. HP: 30/30 MP: 2/7
  2987 | D:4      | Reached XP level 5. HP: 22/35 MP: 3/9
  3062 | D:4      | Reached skill level 6 in Ice Magic
  3068 | D:4      | Noticed Sigmund
  3664 | D:4      | Found a basalt altar of Yredelemnul.
  3879 | D:5      | Entered Level 5 of the Dungeon
  3967 | D:5      | Found a staircase to the Ecumenical Temple.
  3976 | D:5      | Reached XP level 6. HP: 24/41 MP: 5/10
  4053 | Temple   | Entered the Ecumenical Temple
  4379 | Temple   | Became a worshipper of Vehumet
  4757 | D:5      | Reached skill level 7 in Ice Magic
  5036 | D:5      | Found Fyned's Antique Weapon Boutique.
  5039 | D:5      | Bought a steaming halberd for 234 gold pieces
  5039 | D:5      | Identified the +7 halberd of the Desert {elec, rN+ Dex+3}
                  | (You bought it in a shop on level 5 of the Dungeon)
  5043 | D:5      | Noticed an ice beast
  5053 | D:5      | Killed an ice beast
  5053 | D:5      | Reached XP level 7. HP: 25/46 MP: 12/12
  5203 | D:5      | HP: 1/46 [adder (3)]
  5204 | D:5      | Succumbed to an adder's poison

Levels and vault maps discovered:
D:1:      dpeg_arrival_water_fire, layout_basic, minmay_hedge_maze,
          hangedman_decor_peaks_small, hex_medium, st_stairs_12
D:2:      layout_loops_corners
D:3:      layout_basic, minivault_5
D:4:      layout_rooms, lemuel_zombie_altar_yredelemnul, serial_glass,
          glass_columns_b, glass_columns_a, minmay_misc_feat_plants,
          chequers_serial_rivers_micro_e, hangedman_feature_mirror, uniq_sigmund
D:5:      layout_gridville, minmay_temple_entry_slanted, serial_shops,
          kennysheep_mini_moat, nicolae_shop_behind_doors, nicolae_shop_crystal,
          shop_statue, first_ration, minmay_fire_ice_demons
Temple:   dpeg_five_rooms_temple

Skill      XL: |  1  2  3  4  5  6 |
---------------+-------------------+-----
Ice Magic      | 5 6 7 |  7.3
Polearms       | 1 2 3 4 |  4.9
Spellcasting   | 3 |  3.9
Dodging        | |  2.6
Stealth        | |  2.1

Action                   |  1- 3 |  4- 6 |  7- 9 || total
-------------------------+-------+-------+-------++-------
Melee: Unarmed           |     2 |       |       ||     2
       Spear             |    35 |   111 |       ||   146
       Halberd           |       |     5 |     6 ||    11
 Cast: Freeze            |    31 |    75 |     4 ||   110
  Use: Scroll            |       |     8 |       ||     8
 Stab: Sleeping          |     6 |     6 |       ||    12
       Distracted        |     1 |     1 |       ||     2
  Eat: Chunk             |     3 |    11 |       ||    14
Armor: Robe              |    12 |    35 |     3 ||    50
Dodge: Dodged            |    24 |   129 |    17 ||   170

Table legend:
 A = Non-vault XP
 B = Vault XP
 C = Vault XP percentage of total XP
 D = Non-vault monster count
 E = Vault monster count
 F = Vault count percentage of total count
                 A         B        C        D         E       F
            +---------+---------+-------+---------+---------+-------
      Total |     754 |      10 |   1.3 |      70 |       5 |   6.7
            +---------+---------+-------+---------+---------+-------
        D:1 |       7 |       4 |  36.4 |       4 |       2 |  33.3
        D:2 |      96 |       0 |   0.0 |      24 |       0 |   0.0
        D:3 |      33 |       0 |   0.0 |      13 |       0 |   0.0
        D:4 |     136 |       6 |   4.2 |       6 |       3 |  33.3
        D:5 |     482 |       0 |   0.0 |      23 |       0 |   0.0
            +---------+---------+-------+---------+---------+-------
